Reakly vs Dexn

Match 25387456
End
Selects Italian Combined Arms Battlegroup
Selects Bersaglieri Squad
Bersaglieri Squad
Kradschützen Motorcycle Team
Bersaglieri Squad
Bersaglieri Squad
Construct Light Support Kompanie
Construct Mechanized Kompanie
Panzerjäger Mechanized Group
8 Rad Armored Car
Selects Semovente da 75/18 Assault Gun
Selects Carro Armato M13/40 Light Tank
Vehicle Survival Package
Selects Pact of Steel
Carro Armato M13/40 Light Tank
Carro Armato M13/40 Light Tank
2.5-tonne Medical Truck
Selects Vehicle Support - Secure Location
Carro Armato M13/40 Light Tank
Support Armor Elements
Selects Breda Model 30 Light Machine Guns
DexN
Reakly
0
0

Comments sign in to comment!

No comments posted yet!